 Dungeon Crawl Stone Soup version 0.31-a0-496-g6f97920a28 (webtiles) character file.

Game seed: 4629310306817722017

292 bobarctor the Firebug (level 6, -4/41 HPs)
             Began as a Demonspawn Fire Elementalist on Aug 8, 2023.
             Was a Follower of Kikubaaqudgha.
             Engulfed by a cloud of flame (6 damage)
             ... on level 4 of the Dungeon.
             The game lasted 00:20:36 (3657 turns).

bobarctor the Firebug (DsFE)                        Turns: 3657, Time: 00:20:38

Health: -4/41      AC: 24    Str:  8    XL:     6   Next: 10%
Magic:  8/11       EV: 12    Int: 19    God:    Kikubaaqudgha [*.....]
Gold:   76         SH:  0    Dex: 13    Spells: 1/11 levels left

rFire   . . .        r - +7 staff of the Meek {protect, meekguard}
rCold   . . .        (shield currently unavailable)
rNeg    . . .        a - +0 robe
rPois   +            y - +1 helmet
rElec   .            z - +2 cloak
rCorr   .            (no gloves)
SInv    .            e - +0 pair of boots
Will    .....        (no amulet)
Stlth   +            l - ring of poison resistance
HPRegen 2.26/turn    (no ring)
MPRegen 0.12/turn

%: no passive effects
@: confused, under a protective aura
A: icy blue scales 1, demonic guardian 1, powered by death 1
a: Renounce Religion, Unearth Wretches


You were on level 4 of the Dungeon.
You worshipped Kikubaaqudgha.
Kikubaaqudgha was aware of your devotion.
You visited 1 branch of the dungeon, and saw 4 of its levels.

You collected 180 gold pieces.
You spent 104 gold pieces at shops.

Inventory:

Hand Weapons
 d - a +0 short sword
 g - a +0 dagger
 i - a +2 short sword of venom
 o - a +0 heavy dagger
 r - the +7 staff of the Meek (weapon) {protect, meekguard}
   (You found it on level 2 of the Dungeon)
Missiles
 s - 6 poisoned darts
Armour
 a - a +0 robe (worn)
 e - a +0 pair of boots (worn)
 p - a +0 helmet
 t - a +2 scale mail of poison resistance
 v - a +0 buckler
 y - a +1 helmet (worn)
 z - a +2 cloak (worn)
Jewellery
 l - a ring of poison resistance (left hand)
Scrolls
 h - 3 scrolls of noise
 n - 4 scrolls of identify
 u - a scroll of immolation
Potions
 b - a potion of magic
 c - a potion of invisibility {unknown}
 f - 3 potions of resistance
 j - 3 potions of degeneration {unknown}
 m - 3 potions of mutation {unknown}
 q - a potion of might {unknown}
 x - a potion of heal wounds {unknown}
 A - a potion of haste {unknown}


   Skills:
 * Level 1.1 Armour
 + Level 2.2 Dodging
 + Level 2.5 Stealth
 + Level 3.3 Spellcasting
 + Level 2.1 Conjurations
 + Level 0.7 Hexes
 * Level 1.2 Necromancy
 + Level 4.1 Fire Magic


You had one spell level left.
You knew the following spells:

 Your Spells              Type           Power      Damage    Failure   Level
a - Foxfire               Conj/Fire      60%        2x1d7     4%          1
b - Scorch                Fire           38%        2d6       4%          2
c - Inner Flame           Hex/Fire       12%        N/A       16%         3
d - Poisonous Vapours     Pois/Air       6%         N/A       22%         2
e - Cigotuvi's Dreadful   Necr/Pois/Air  8%         N/A       19%         2

Your spell library contained the following spells:

 Spells                   Type           Power      Damage    Failure   Level
 Kiss of Death            Conj/Necr      36%        2d8       8%          1
 Necrotise                Necr           28%        1d5       9%          1
 Sting                    Tmut/Pois      12%        1d3       14%         1
 Sublimation of Blood     Necr           7%         N/A       14%         2
 Volatile Blastmotes      Fire/Tloc      22%        2d11      19%         3
 Ignite Poison            Fire/Tmut/Pois 8%         N/A       26%         3
 Vampiric Draining        Necr           7%         2d6       26%         3
 Confusing Touch          Hex            6%         N/A       32%         3
 Tukima's Dance           Hex            6%         N/A       32%         3
 Flame Wave               Conj/Fire      15%        2d7       36%         4
 Dispel Undead            Necr           7%         3d8       65%         4
 Olgreb's Toxic Radiance  Pois           3%         N/A       82%         4
 Passage of Golubria      Tloc           3%         N/A       82%         4
 Freezing Cloud           Conj/Ice/Air   2%         6-21      97%         5
 Yara's Violent Unravell  Hex/Tmut       2%         3d3       98%         5


Dungeon Overview and Level Annotations

Branches:
Dungeon (4/15)
 Temple: D:4-7

Altars:
Gozag
Kikubaaqudgha
Okawaru
Ru
Sif Muna
Trog
Xom

Shops:
D:2 *


Innate Abilities, Weirdness & Mutations

You are partially covered in icy blue scales. (AC +2)
A weak demonic guardian rushes to your aid.
You regenerate a little health from kills.


Message History

The orc hits you but does no damage.
You closely miss the orc. The orc hits you with a +0 war axe.
The orc hits you but does no damage.
You barely miss the orc. The orc closely misses you.
You hear some strange, mumbled words.
Something tries to affect you, but you resist.
You barely miss the orc. The orc hits you but does no damage.
You hear some strange, mumbled words.
You are confused.
The orc completely misses you. Something hits you but does no damage.
You miss something. The orc hits you but does no damage. Something hits you.
The orc misses you. The orc completely misses you.
You hear some strange, mumbled words.
A magic dart appears from out of thin air!
The magic dart hits you!
You sock something!
Your weapon exudes an aura of protection.
Kikubaaqudgha accepts your kill.
You can now bring forth the wretched and dying.
Reactivating autopickup.
You feel a bit more experienced. The orc closely misses you.
The orc misses you.
You bump into the rock wall.
The orc hits you but does no damage. The orc hits you with a +0 war axe.
The orc hits you with a +0 falchion. The orc hits you with a +0 war axe.
Things that are here:
a +0 dagger; a +0 robe You sock the orc!
Your weapon exudes an aura of protection.
You kill the orc!
Kikubaaqudgha accepts your kill. The orc misses you.
You sock the orc! Kikubaaqudgha accepts your kill.
The orc explodes!
The fiery explosion engulfs you!!
* * * LOW HITPOINT WARNING * * *
A demonic guardian appears!
You are engulfed in blazing flames.
You die...
Kikubaaqudgha rasps: "You have failed me!
Welcome... death!"

#...#...###############
### ##### #### #...#...#
#... #.>.#.>.# #...
#...#...########## #...
+# ####'........###...
##########.....<†.'.'...
......5§§##.......###...
......§@§#####..........
.......)...##...........
...####.?..#..#.........
.. #......##.........
###'#.####.........
#..>.....+.........
#.########......... #!
......... . ........


You could see a friendly iron imp (summoned).

Vanquished Creatures
  An iguana (D:4)
  Terence (D:2)
  Natasha (thrice) (D:2)
  2 orc wizards (D:4)
  An adder (D:4)
  3 gnolls (D:3)
  A worm (D:3)
  3 dart slugs (D:1)
  6 orcs (D:4)
  6 endoplasms
  4 giant cockroaches
  8 goblins
  9 hobgoblins
  3 kobolds
  6 quokkas
  3 ball pythons
  3 bats
  3 frilled lizards
  3 rats
69 creatures vanquished.

Vanquished Creatures (others)
  73 foxfires
73 creatures vanquished.

Grand Total: 142 creatures vanquished

Notes
Turn   | Place    | Note
-------+----------+-------------------------------------------
     0 | D:1      | bobarctor the Demonspawn Fire Elementalist began the quest
                  | for the Orb.
     0 | D:1      | Reached XP level 1. HP: 13/13 MP: 3/3
   209 | D:1      | Reached skill level 3 in Fire Magic
   285 | D:1      | Gained mutation: You are partially covered in icy blue
                  | scales. (AC +2) [demonic ancestry]
   285 | D:1      | Reached XP level 2. HP: 19/19 MP: 3/5
   288 | D:1      | Learned a level 2 spell: Scorch
   924 | D:1      | Reached XP level 3. HP: 23/24 MP: 6/6
   928 | D:1      | Learned a level 3 spell: Inner Flame
  1087 | D:2      | Found Pysaf's Assorted Antiques.
  1162 | D:2      | Bought a scroll labelled DOOTINU CIONIV for 18 gold pieces
  1162 | D:2      | Bought a golden potion for 16 gold pieces
  1162 | D:2      | Bought a sapphire potion for 16 gold pieces
  1282 | D:2      | Found the +7 staff of the Meek {protect, meekguard}
  1286 | D:2      | Noticed Natasha
  1290 | D:2      | Killed Natasha
  1356 | D:2      | Noticed Terence
  1369 | D:2      | Killed Terence
  1370 | D:2      | Reached XP level 4. HP: 29/30 MP: 1/8
  1454 | D:2      | Learned a level 2 spell: Poisonous Vapours
  1899 | D:2      | Noticed Natasha
  1901 | D:2      | Killed Natasha
  1986 | D:2      | Noticed Natasha
  1992 | D:2      | Killed Natasha
  1993 | D:2      | Gained mutation: A weak demonic guardian rushes to your
                  | aid. [demonic ancestry]
  1993 | D:2      | Reached XP level 5. HP: 35/35 MP: 4/9
  2059 | D:3      | Found an iron altar of Okawaru.
  2062 | D:3      | Found a shimmering blue altar of Sif Muna.
  2079 | D:3      | Found an opulent altar of Gozag.
  2079 | D:3      | Found a shimmering altar of Xom.
  2085 | D:3      | Found an ancient bone altar of Kikubaaqudgha.
  2088 | D:3      | Found a sacrificial altar of Ru.
  2101 | D:3      | Became a worshipper of Kikubaaqudgha
  2938 | D:2      | Bought a scroll labelled JYULOIB GYOBLY for 18 gold pieces
  2938 | D:2      | Bought a scroll labelled HIN HO JAZI SECE for 18 gold
                  | pieces
  2938 | D:2      | Bought a scroll labelled RIURIGAYB RUGE for 18 gold pieces
  3073 | D:4      | Learned a level 2 spell: Cigotuvi's Dreadful Rot
  3279 | D:4      | Reached skill level 4 in Fire Magic
  3356 | D:4      | Found a bloodstained altar of Trog.
  3374 | D:4      | Reached skill level 1 in Necromancy
  3475 | D:4      | Reached skill level 1 in Armour
  3486 | D:4      | Reached * piety under Kikubaaqudgha
  3486 | D:4      | Received a gift from Kikubaaqudgha
  3575 | D:4      | Found a sand-covered staircase.
  3610 | D:4      | Gained mutation: You regenerate a little health from kills.
                  | [demonic ancestry]
  3610 | D:4      | Reached XP level 6. HP: 41/41 MP: 11/11
  3657 | D:4      | HP: 2/41 [spore (20)]
  3657 | D:4      | Engulfed by a cloud of flame

Illustrated notes

Levels and vault maps discovered:
D:1:      dpeg_arrival_rooms_with_view, layout_loops_ring
D:2:      layout_loops_ring, serial_shops, shop_statue,
          chequers_serial_rivers_marsh, minmay_tetromino_o2, uniq_terence,
          uniq_natasha
D:3:      layout_basic, minitemple
D:4:      layout_basic, trog_butcher_becter, fedhas_altar_4,
          nicolae_ossuary_entry_false_entrances

Skill      XL: |  1  2  3  4  5 |
---------------+----------------+-----
Fire Magic     | 3 4 |  4.1
Stealth        | 2 |  2.5
Dodging        | 2 |  2.2
Spellcasting   | 3 |  3.3
Conjurations   | 2 |  2.1
Necromancy     | 1 |  1.2
Armour         | 1 |  1.1
Hexes          | |  0.7

Action                     |  1- 3 |  4- 6 || total
---------------------------+-------+-------++-------
  Melee: Unarmed           |     6 |       ||     6
         Short sword       |    15 |       ||    15
         Dagger            |     4 |       ||     4
         Quarterstaff      |     4 |    69 ||    73
  Throw: Stone             |     3 |       ||     3
   Cast: Foxfire           |    42 |    11 ||    53
         Scorch            |     3 |       ||     3
         Inner Flame       |     1 |    11 ||    12
    Use: Scroll            |       |     6 ||     6
   Stab: Sleeping          |     2 |     1 ||     3
 Armour: Robe              |    11 |    46 ||    57
  Dodge: Dodged            |     8 |    53 ||    61

Table legend: (Time is in decaauts)
 A = Elapsed time spent in this place.
 B = Non-inter-level travel time spent in this place.
 C = Inter-level travel time spent in this place.
 D = Time resting spent in this place.
 E = Time spent auto-exploring this place.
 F = Levels seen in this place.
 G = Mean time per level.
                   A        B        C        D        E       F      G
               +--------+--------+--------+--------+--------+-----+--------+
         Total |   3680 |   3463 |    217 |    319 |   2307 |   4 |  920.0 |
       Dungeon |   3680 |   3463 |    217 |    319 |   2307 |   4 |  920.0 |
               +--------+--------+--------+--------+--------+-----+--------+

Top non-repeatable levels by time:
     D:2: 1084 daAuts
     D:1: 1037 daAuts
     D:3: 886 daAuts
     D:4: 671 daAuts
